 Dungeon Crawl Stone Soup version 0.22.1-2-g9c5b331383 (webtiles) character file.

44 Cykl0x the Conjurer (level 3, -2/21 HPs)
             Began as an Octopode Conjurer on Jan 4, 2019.
             Killed by a distortion unwield (21 damage)
             ... on level 2 of the Dungeon.
             The game lasted 00:05:04 (1226 turns).

Cykl0x the Conjurer (Octopode Conjurer)             Turns: 1226, Time: 00:05:04

Health: -2/21      AC:  1    Str:  7    XL:     3   Next: 62%
Magic:  0/6        EV: 13    Int: 18    God:
Gold:   26         SH:  0    Dex: 12    Spells: 3/6 levels left

rFire    . . .     SeeInvis .   (no weapon)
rCold    . . .     Gourm    .   (no shield)
rNeg     . . .     Faith    .   (helmet restricted)
rPois    .         Spirit   .   (no amulet)
rElec    .         Reflect  .   (no ring)
rCorr    .         Harm     .   (no ring)
MR       .....                  (no ring)
Stlth    +++.......             (no ring)
HPRegen  0.07/turn              (no ring)
MPRegen  0.10/turn              (no ring)
                                (no ring)
                                (no ring)

@: no status effects
A: almost no armour, stealthy swim, amphibious, 8 rings, constrict 8, camouflage
1, gelatinous body 1
a: no special abilities


You were on level 2 of the Dungeon.
You were not hungry.

You visited 1 branch of the dungeon, and saw 2 of its levels.

You collected 26 gold pieces.

Inventory:

Hand Weapons
 a - a +0 dagger
 d - a +2 short sword of venom
 e - a +2 spear of distortion
Potions
 c - a potion of invisibility {unknown}
 f - a potion of might {unknown}
 g - a potion of curing {unknown}
 h - a potion of degeneration {unknown}
Comestibles
 b - 4 rations


   Skills:
 + Level 0.1 Fighting
 + Level 2.0 Dodging
 + Level 3.3 Stealth
 + Level 2.2 Spellcasting
 + Level 4.8 Conjurations


You had 3 spell levels left.
You knew the following spells:

 Your Spells              Type           Power        Failure   Level  Hunger
a - Magic Dart            Conj           ###.         2%          1    #......
b - Searing Ray           Conj           ###...       3%          2    ##.....

Your spell library contained the following spells:

 Spells                   Type           Power        Failure   Level  Hunger
 Dazzling Spray           Conj/Hex       ##....       19%         3    ###....
 Iskenderun's Mystic Bla  Conj           ###.....     24%         4    #####..
 Force Lance              Conj/Tloc      ##......     54%         4    #####..
 Fulminant Prism          Conj/Hex       ##........   54%         4    #####..


Dungeon Overview and Level Annotations

Branches:
Dungeon (2/15)

Altars:


Innate Abilities, Weirdness & Mutations

You cannot wear most types of armour.
You are very stealthy in the water. (Stealth+)
You are amphibious.
You can wear up to eight rings at the same time.
You can use your tentacles to constrict eight enemies at once.
Your skin changes colour to match your surroundings (Stealth+).
Your rubbery body absorbs attacks. (AC +1, EV +1)


Message History

The searing ray hits Robin.
You kill Robin!
The searing ray hits the kobold.
You kill the kobold!
You finish channeling your searing ray.
Casting: Searing Ray (safe; 3% risk of failure)
Confirm with . or Enter, or press ? or * to list all spells.
Aiming: Magic Dart (safe; 2% risk of failure)
Press: ? - help, Shift-Dir - straight line The magic dart hits the goblin.
You kill the goblin!
Things that are here:
a spear; an animal skin; a scorched helmet You see here a short sword of venom.
d - a short sword of venom Wield which item (- for none, * to show all)? (? for menu, Esc to quit)
Really unwield
e - a +2 spear of distortion?
You are crushed and pinned by an extremely strong localised spatial distortion!
Ouch! That really hurt!
You die...

..# ..#
#.. ..#
#.# #.#
#.# #.#
#.# #.#
#.# #.#
#.######.#
#.##.@)<.#
#.##.#####
#...).#
####..#
#..#
#..###
#.g..#
##.#.#
#.#.#####


There were no monsters in sight!

Vanquished Creatures
  Robin (D:2)
  A dart slug (D:1)
  2 bats (D:2)
  15 goblins
  3 hobgoblins
  A kobold (D:2)
  3 frilled lizards
  A rat (D:1)
27 creatures vanquished.

Notes
Turn   | Place    | Note
-------+----------+-------------------------------------------
     0 | D:1      | Cykl0x the Octopode Conjurer began the quest for the Orb.
     0 | D:1      | Reached XP level 1. HP: 11/11 MP: 3/3
   244 | D:1      | Reached XP level 2. HP: 17/17 MP: 1/5
   248 | D:1      | Learned a level 2 spell: Searing Ray
   970 | D:2      | Noticed Robin
   982 | D:2      | Reached XP level 3. HP: 17/21 MP: 1/6
  1221 | D:2      | Killed Robin
  1226 | D:2      | Killed by a distortion unwield

Skill      XL: |  1  2 |
---------------+-------+-----
Stealth        | 3 |  3.3
Fighting       | |  0.1
Dodging        | |  2.0
Spellcasting   | |  2.2
Conjurations   | |  4.8

Action                   || total
-------------------------++-------
Melee: Tentacles         ||     2
       Dagger            ||     1
       Spear             ||    17
       Constrict         ||     4
 Cast: Magic Dart        ||    19
       Searing Ray       ||     3
  Use: Scroll            ||     2
  Eat: Chunk             ||     1
Armor: Skin              ||     1
Dodge: Dodged            ||    12
